 Dungeon Crawl Stone Soup version 0.26-a0-690-gcb57259078 (webtiles) character file.

Game seed: 4052881893175887951

124 robertstho the Caller (level 5, -4/37 HPs)
             Began as a Gnoll Summoner on Oct 23, 2020.
             Killed by divine providence
             ... invoked by an orc priest
              (12 damage)
             ... on level 3 of the Dungeon.
             The game lasted 00:04:47 (2956 turns).

robertstho the Caller (Gnoll Summoner)              Turns: 2956, Time: 00:04:48

Health: -4/37      AC:  3    Str:  9 (11) XL:     5   Next: 8%
Magic:  6/12       EV: 15    Int: 15 (18) God:
Gold:   95         SH:  0    Dex: 15      Spells: 1/14 levels left

rFire    . . .     SeeInvis .   m - +0 spear
rCold    . . .     Faith    .   (no shield)
rNeg     . . .     Spirit   .   a - +0 robe
rPois    .         Reflect  .   (no helmet)
rElec    .         Harm     .   o - +0 cloak
rCorr    .         Rampage  .   (no gloves)
MR       .....                  (no boots)
Stlth    +++.......             (no amulet)
HPRegen  0.12/turn              (no ring)
MPRegen  0.13/turn              (no ring)

@: no status effects
A: distributed training, fangs 1, strong nose
a: no special abilities


You were on level 3 of the Dungeon.
You visited 1 branch of the dungeon, and saw 6 of its levels.

You collected 95 gold pieces.

Inventory:

Hand Weapons
 d - a +0 short sword
 i - a +0 hand axe
 m - a +0 spear (weapon)
 n - a +4 quarterstaff of chaos
Armour
 a - a +0 robe (worn)
 o - a +0 cloak (worn)
Scrolls
 b - a scroll of noise {unknown}
 c - 2 scrolls of remove curse {unknown}
 f - a scroll of identify {unknown}
 g - 2 scrolls of magic mapping {unknown}
 j - a scroll of teleportation {unknown}
 p - a scroll of amnesia {unknown}


   Skills:
 + Level 1.3 Fighting
 + Level 1.3 Short Blades
 + Level 1.3 Long Blades
 + Level 1.3 Axes
 + Level 1.3 Maces & Flails
 + Level 1.3 Polearms
 + Level 1.3 Staves
 + Level 1.3 Slings
 + Level 1.3 Bows
 + Level 1.3 Crossbows
 + Level 1.3 Throwing
 + Level 1.3 Armour
 + Level 4.7 Dodging
 + Level 4.3 Stealth
 + Level 1.3 Shields
 + Level 1.3 Unarmed Combat
 + Level 5.1 Spellcasting
 + Level 1.1 Conjurations
 + Level 1.1 Hexes
 + Level 7.1 Summonings
 + Level 1.1 Necromancy
 + Level 1.1 Translocations
 + Level 1.1 Transmutations
 + Level 1.1 Fire Magic
 + Level 1.1 Ice Magic
 + Level 1.1 Air Magic
 + Level 1.1 Earth Magic
 + Level 1.1 Poison Magic
 + Level 1.5 Invocations
 + Level 1.3 Evocations


You had one spell level left.
You knew the following spells:

 Your Spells              Type           Power        Failure   Level
a - Summon Small Mammal   Summ           ####         1%          1
b - Call Imp              Summ           ####....     1%          2
c - Call Canine Familiar  Summ           ####....     2%          3
d - Summon Guardian Gole  Hex/Summ       ###.....     9%          3
e - Summon Ice Beast      Ice/Summ       ###.....     28%         4

Your spell library contained the following spells:

 Spells                   Type           Power        Failure   Level
 Summon Lightning Spire   Summ/Air       ###.....     28%         4


Dungeon Overview and Level Annotations

Branches:
Dungeon (6/15)
 Temple: D:4-7

Altars:


Innate Abilities, Weirdness & Mutations

Your experience applies equally to all skills.
You have very sharp teeth.
Your uncanny sense of smell can sniff out nearby items.


Message History

You feel your dexterity returning.
Your hound misses the orc. The orc misses you.
The orc barely misses your hound.
The orc hits your white imp but does no damage.
The orc priest mumbles some strange prayers to Beogh against you.
Pain shoots through your body!
* * * LOW HITPOINT WARNING * * *
Your hound bites the orc.
Your white imp gestures at the orc.
The puff of frost hits the orc!
The orc dies!
You see here 12 arrows.
You hit the orc priest but do no damage.
The orc priest misses you.
Unknown command.
You hit the orc priest but do no damage.
Your hound bites the orc priest.
The orc priest invokes the aid of Beogh against you.
Beogh smites you!
You die...

#...# #.# .... #...#
#.###.#.## #...#
#..†..#.# #...#
#..†...(#
#####...########.##.###
.......5......##.# #
###.#...#####....#
#.#.).# #.##.>..... #
#.5@# #.##.###### #.ho#
#>##.# ###.# #.##.. ∆ ∆
#.# #.#### #.# #.# ∆
#.# .<. #.# ... #.# ...
.....


You could see an orc priest, a friendly hound (summoned), a friendly crimson imp
(summoned) and a friendly white imp (summoned).

Vanquished Creatures
  A dart slug (D:3)
  2 leopard geckos
  2 orcs (D:5)
  A giant cockroach (D:1)
  5 bats
  A frilled lizard (D:1)
  A goblin (D:2)
  3 rats
16 creatures vanquished.

Vanquished Creatures (collateral kills)
  A centaur (D:5)
  Crazy Yiuf (D:2)
  2 adders (D:2)
  4 gnolls (D:2)
  A shadow imp (D:6)
  A dart slug (D:2)
  2 orcs (D:3)
  A ball python (D:2)
  A bat (D:2)
  3 hobgoblins
  2 jackals (D:2)
  2 kobolds (D:2)
  A quokka (D:2)
  A frilled lizard (D:2)
  2 goblins
  2 rats (D:2)
27 creatures vanquished.

Vanquished Creatures (others)
  2 orcs (D:5)
  2 fungi (D:2)
4 creatures vanquished.

Grand Total: 47 creatures vanquished

Notes
Turn   | Place    | Note
-------+----------+-------------------------------------------
     0 | D:1      | robertstho the Gnoll Summoner began the quest for the Orb.
     0 | D:1      | Reached XP level 1. HP: 13/13 MP: 6/6
  1083 | D:2      | Reached XP level 2. HP: 19/19 MP: 1/7
  1109 | D:1      | Learned a level 2 spell: Call Imp
  1469 | D:2      | Reached XP level 3. HP: 21/25 MP: 6/9
  1539 | D:2      | Reached skill level 5 in Spellcasting
  1882 | D:2      | Learned a level 3 spell: Call Canine Familiar
  1949 | D:2      | Found a runed translucent door.
  1950 | D:2      | Noticed Crazy Yiuf
  2007 | D:2      | Reached skill level 1 in Invocations
  2110 | D:2      | Reached skill level 1 in Fighting
  2110 | D:2      | Reached skill level 1 in Short Blades
  2110 | D:2      | Reached skill level 1 in Long Blades
  2110 | D:2      | Reached skill level 1 in Axes
  2110 | D:2      | Reached skill level 1 in Maces & Flails
  2110 | D:2      | Reached skill level 1 in Polearms
  2110 | D:2      | Reached skill level 1 in Staves
  2110 | D:2      | Reached skill level 1 in Slings
  2110 | D:2      | Reached skill level 1 in Bows
  2110 | D:2      | Reached skill level 1 in Crossbows
  2110 | D:2      | Reached skill level 1 in Throwing
  2110 | D:2      | Reached skill level 1 in Armour
  2110 | D:2      | Reached skill level 1 in Shields
  2110 | D:2      | Reached skill level 1 in Unarmed Combat
  2110 | D:2      | Reached skill level 1 in Evocations
  2237 | D:2      | Killed Crazy Yiuf
  2237 | D:2      | Reached XP level 4. HP: 32/32 MP: 1/11
  2531 | D:3      | You fall into a shaft and drop 3 floors!
  2552 | D:6      | Learned a level 3 spell: Summon Guardian Golem
  2557 | D:6      | Learned a level 4 spell: Summon Ice Beast
  2566 | D:5      | Entered Level 5 of the Dungeon
  2566 | D:5      | Noticed a centaur
  2574 | D:5      | Killed a centaur
  2574 | D:5      | Reached skill level 1 in Conjurations
  2574 | D:5      | Reached skill level 1 in Hexes
  2574 | D:5      | Reached skill level 1 in Necromancy
  2574 | D:5      | Reached skill level 1 in Translocations
  2574 | D:5      | Reached skill level 1 in Transmutations
  2574 | D:5      | Reached skill level 1 in Fire Magic
  2574 | D:5      | Reached skill level 1 in Ice Magic
  2574 | D:5      | Reached skill level 1 in Air Magic
  2574 | D:5      | Reached skill level 1 in Earth Magic
  2574 | D:5      | Reached skill level 1 in Poison Magic
  2591 | D:5      | Reached XP level 5. HP: 13/37 MP: 0/12
  2956 | D:3      | Killed from afar by an orc priest

Illustrated notes

Levels and vault maps discovered:
D:1:      tarquinn_simple_flora_water_b, layout_loops_ring
D:2:      layout_basic, uniq_crazy_yiuf_cottage
D:3:      layout_loops_ring
D:4:      layout_cave_pools, cheibrodos_sewer_entry_sluice,
          nicolae_qazlal_style_of_elements, uniq_grinder
D:5:      layout_cave_pools, lemuel_round_altar, minmay_mini_ossuary
D:6:      layout_basic, minmay_temple_entry_stoned_glass,
          gammafunk_ghost_gnarly_gnolls, kennysheep_generic_room_15,
          uniq_edmund, uniq_duvessa, uniq_eustachio

Skill      XL: |  1  2  3  4 |
---------------+-------------+-----
Spellcasting   | 5 |  5.1
Invocations    | 1 |  1.5
Fighting       | 1 |  1.3
Short Blades   | 1 |  1.3
Long Blades    | 1 |  1.3
Axes           | 1 |  1.3
Maces & Flails | 1 |  1.3
Polearms       | 1 |  1.3
Staves         | 1 |  1.3
Slings         | 1 |  1.3
Bows           | 1 |  1.3
Crossbows      | 1 |  1.3
Throwing       | 1 |  1.3
Armour         | 1 |  1.3
Shields        | 1 |  1.3
Unarmed Combat | 1 |  1.3
Evocations     | 1 |  1.3
Conjurations   | 1 |  1.1
Hexes          | 1 |  1.1
Necromancy     | 1 |  1.1
Translocations | 1 |  1.1
Transmutations | 1 |  1.1
Fire Magic     | 1 |  1.1
Ice Magic      | 1 |  1.1
Air Magic      | 1 |  1.1
Earth Magic    | 1 |  1.1
Poison Magic   | 1 |  1.1
Dodging        | |  4.7
Stealth        | |  4.3
Summonings     | |  7.1

Action                   |  1- 3 |  4- 6 || total
-------------------------+-------+-------++-------
Melee: Short sword       |    32 |       ||    32
       Bite              |     3 |     2 ||     5
       Unarmed           |     1 |       ||     1
       Hand axe          |    12 |       ||    12
       Spear             |     4 |    38 ||    42
 Cast: Summon Small Mamm |    21 |     2 ||    23
       Call Imp          |    14 |     8 ||    22
       Call Canine Famil |     4 |     5 ||     9
  Use: Potion            |       |     4 ||     4
 Stab: Sleeping          |     3 |       ||     3
       Invisible         |       |     1 ||     1
Armor: Robe              |    12 |     4 ||    16
       Skin              |       |    29 ||    29
Dodge: Dodged            |    67 |    29 ||    96

Table legend: (Time is in decaauts)
 A = Elapsed time spent in this place.
 B = Non-inter-level travel time spent in this place.
 C = Inter-level travel time spent in this place.
 D = Time resting spent in this place.
 E = Time spent auto-exploring this place.
 F = Levels seen in this place.
 G = Mean time per level.
                   A        B        C        D        E       F      G
               +--------+--------+--------+--------+--------+-----+--------+
         Total |   2962 |   2837 |    125 |      0 |   2335 |   6 |  493.7 |
       Dungeon |   2962 |   2837 |    125 |      0 |   2335 |   6 |  493.7 |
               +--------+--------+--------+--------+--------+-----+--------+

Top non-repeatable levels by time:
     D:2: 1467 daAuts
     D:1: 938 daAuts
     D:3: 479 daAuts
     D:5: 37 daAuts
     D:6: 34 daAuts
     D:4: 5 daAuts
